 Dungeon Crawl Stone Soup version 0.30-a0-137-gd8773701ce (webtiles) character file.

Game seed: 1865968530192027471

469 KennySheep the Slasher (level 6, -7/51 HPs)
             Began as a Demigod Gladiator on Sept 24, 2022.
             Mangled by Prince Ribbit (10 damage)
             ... on level 5 of the Dungeon.
             The game lasted 00:09:23 (4741 turns).

KennySheep the Slasher (Demigod Gladiator)          Turns: 4741, Time: 00:09:24

Health: -7/51      AC:  7    Str: 15    XL:     6   Next: 51%
Magic:  8/8        EV: 11    Int: 16    God:
Gold:   75         SH:  0    Dex: 23    Spells: 5/5 levels left

rFire   . . .      SeeInvis .    a - +0 long sword
rCold   . . .      Faith    .    (no shield)
rNeg    . . .      Spirit   .    m - +0 scale mail
rPois   .          Reflect  .    c - +0 helmet
rElec   .          Harm     .    u - scarf {shadows}
rCorr   .          Rampage  .    (no gloves)
Will    .....                    (no boots)
Stlth   +.........               q - amulet of the acrobat
HPRegen 0.17/turn                o - +6 ring of intelligence
MPRegen 0.11/turn                (no ring)

@: no status effects
A: high MP 1, forlorn, divine attributes
a: no special abilities


You were on level 5 of the Dungeon.
You visited 1 branch of the dungeon, and saw 5 of its levels.

You collected 204 gold pieces.
You spent 129 gold pieces at shops.

Inventory:

Hand Weapons
 a - a +0 long sword (weapon)
Missiles
 d - 4 throwing nets (quivered)
 e - a javelin
Armour
 b - a +0 leather armour
 c - a +0 helmet (worn)
 l - a +0 chain mail
 m - a +0 scale mail (worn)
 n - a +0 cloak
 r - a +0 helmet
 u - a scarf of shadows (worn)
Jewellery
 o - a +6 ring of intelligence (left hand)
 q - an amulet of the acrobat (around neck)
Wands
 x - a wand of iceblast (4)
Scrolls
 g - a scroll of blinking
 h - a scroll of fear {unknown}
 j - a scroll of enchant weapon {unknown}
 k - 2 scrolls of magic mapping
 t - a scroll of teleportation {unknown}
 y - a scroll of noise {unknown}
 z - a scroll of amnesia {unknown}
 A - a scroll of poison {unknown}
 B - a scroll of immolation {unknown}
Potions
 f - a potion of cancellation {unknown}
 i - a potion of lignification {unknown}
 p - a potion of haste {unknown}
 s - 2 potions of curing
 v - a potion of mutation
 w - a potion of degeneration {unknown}


   Skills:
 + Level 3.3 Fighting
 * Level 4.9 Long Blades
 - Level 1.7 Throwing
 + Level 3.9 Dodging
 + Level 2.9 Stealth


You had 5 spell levels left.
You didn't know any spells.
Your spell library contained the following spells:

 Spells                   Type           Power      Damage    Failure   Level
 Sting                    Tmut/Pois      0%         1d3       71%         1
 Poisonous Vapours        Pois/Air       0%         N/A       85%         2
 Sublimation of Blood     Necr           0%         N/A       85%         2
 Olgreb's Toxic Radiance  Pois           0%         N/A       100%        4
 Petrify                  Tmut/Erth      0%         N/A       100%        4
 Irradiate                Conj/Tmut      0%         3d11      100%        5


Dungeon Overview and Level Annotations

Branches:
Dungeon (5/15)
 Temple: D:4-7

Shops:
D:2 =!?   D:3 !   D:4 !

Annotations:
D:5 Prince Ribbit


Innate Abilities, Weirdness & Mutations

You have an increased reservoir of magic. (+10% MP)
You shall have no god before yourself.
Your divine heritage dramatically boosts your attributes as you level up.


Message History

Prince Ribbit closely misses you. The iguana misses you.
Prince Ribbit hits you!
You hit Prince Ribbit.
Prince Ribbit is moderately wounded.
Prince Ribbit blinks!
The iguana bites you.
You hit the iguana.
The iguana is moderately wounded.
Prince Ribbit hops awkwardly around.
The iguana bites you.
The iguana bites you but does no damage.
You slash the iguana!
The iguana is severely wounded.
The iguana bites you!
Prince Ribbit blinks!
You slash the iguana!
You kill the iguana!
Prince Ribbit blinks!
Prince Ribbit attacks as you move away!
Prince Ribbit hits you but does no damage.
You barely miss Prince Ribbit.
Prince Ribbit is moderately wounded.
Prince Ribbit closely misses you. Prince Ribbit hits you.
You hit Prince Ribbit.
Prince Ribbit is moderately wounded.
Prince Ribbit hits you. x2
* * * LOW HITPOINT WARNING * * *
You miss Prince Ribbit.
Prince Ribbit is moderately wounded.
Prince Ribbit misses you.
You miss Prince Ribbit.
Prince Ribbit is moderately wounded.
Prince Ribbit hits you!
* * * LOW HITPOINT WARNING * * *
Prince Ribbit hits you but does no damage.
Unknown command.
Okay, then.
Okay, then.
You hit Prince Ribbit.
Prince Ribbit is heavily wounded.
Prince Ribbit hits you!
You die...

.# . #########
#.#......." #.#
#.#$....... ...
#..?.F..ยง.. #.#
#...$.... #.# #.#######
#.#
####..##...######.#######
+......F@..+.............
#####......######.#######
###..###### #.# #
##......###.# #
######.)#..# # ##...## #
##..# # #.># ##.#


You could see Prince Ribbit.

Vanquished Creatures
  Menkaure (D:5)
  2 ogres (D:4)
  An iguana (D:5)
  A gnoll (D:1)
  5 adders
  An ufetubus (D:3)
  3 worms
  5 dart slugs
  An orc (D:4)
  5 bats
  9 endoplasms
  6 giant cockroaches
  5 goblins
  10 hobgoblins
  3 jackals (D:5)
  4 quokkas
  8 ball pythons
  6 frilled lizards
  4 kobolds
  3 rats
  A spectral goblin (D:1)
84 creatures vanquished.

Notes
Turn   | Place    | Note
-------+----------+-------------------------------------------
     0 | D:1      | KennySheep the Demigod Gladiator began the quest for the
                  | Orb.
     0 | D:1      | Reached XP level 1. HP: 17/17 MP: 3/3
   421 | D:1      | Reached XP level 2. HP: 24/24 MP: 4/4
   429 | D:1      | Reached skill level 3 in Long Blades
   871 | D:1      | Reached skill level 1 in Stealth
   944 | D:1      | Reached XP level 3. HP: 15/29 MP: 5/5
  1650 | D:2      | Found Bohumex's Jewellery Shop.
  2152 | D:2      | Reached XP level 4. HP: 29/37 MP: 6/6
  2247 | D:2      | Found Wuotz's Magic Scroll Boutique.
  2248 | D:2      | Found Ytripat's Distillery.
  2263 | D:2      | Bought a scroll of magic mapping for 90 gold pieces
  2814 | D:3      | Found Gayfi's Distillery.
  2831 | D:3      | Bought a potion of curing for 39 gold pieces
  2836 | D:3      | Gained mutation: You are dopey. (Int -2) [potion of
                  | mutation]
  2836 | D:3      | Lost mutation: You are dopey. (Int -2) [potion of mutation]
  3261 | D:4      | Noticed an ogre
  3264 | D:4      | Killed an ogre
  3265 | D:4      | Reached skill level 4 in Long Blades
  3265 | D:4      | Reached XP level 5. HP: 44/44 MP: 7/7
  3764 | D:4      | Found Tizoumef's Distillery.
  3809 | D:4      | Noticed an ogre
  3812 | D:4      | Killed an ogre
  4153 | D:5      | Entered Level 5 of the Dungeon
  4153 | D:5      | Noticed Menkaure
  4161 | D:5      | Killed Menkaure
  4162 | D:5      | Reached XP level 6. HP: 13/51 MP: 8/8
  4723 | D:5      | Noticed Prince Ribbit
  4741 | D:5      | Mangled by Prince Ribbit

Illustrated notes

Levels and vault maps discovered:
D:1:      lemuel_arrival_lava_pool, layout_basic,
          dreamdust_ecumenical_altar_drowned_temple
D:2:      layout_loops_ring, serial_shops, shop, shop, shop
D:3:      layout_basic, serial_shops, nicolae_shop_window_shopping
D:4:      layout_loops_ring, slow_altar_2, minitemple, serial_shops, shop
D:5:      layout_basic, minmay_temple_entry_statues, uniq_menkaure,
          uniq_prince_ribbit1

Skill      XL: |  1  2  3  4  5 |
---------------+----------------+-----
Fighting       | 2 3 |  3.3
Long Blades    | 3 4 |  4.9
Stealth        | 1 2 |  2.9
Dodging        | 3 |  3.9
Throwing       | |  1.7

Action                   |  1- 3 |  4- 6 || total
-------------------------+-------+-------++-------
Melee: Long sword        |   121 |   136 ||   257
       Punch             |     2 |       ||     2
Evoke: Wand              |       |     6 ||     6
  Use: Scroll            |     1 |       ||     1
       Potion            |       |     2 ||     2
 Stab: Sleeping          |     4 |       ||     4
Armor: Leather armour    |    32 |       ||    32
       Scale mail        |     7 |    68 ||    75
Dodge: Dodged            |    88 |    88 ||   176

Table legend: (Time is in decaauts)
 A = Elapsed time spent in this place.
 B = Non-inter-level travel time spent in this place.
 C = Inter-level travel time spent in this place.
 D = Time resting spent in this place.
 E = Time spent auto-exploring this place.
 F = Levels seen in this place.
 G = Mean time per level.
                   A        B        C        D        E       F      G
               +--------+--------+--------+--------+--------+-----+--------+
         Total |   4809 |   4634 |    175 |    894 |   3042 |   5 |  961.8 |
       Dungeon |   4809 |   4634 |    175 |    894 |   3042 |   5 |  961.8 |
               +--------+--------+--------+--------+--------+-----+--------+

Top non-repeatable levels by time:
     D:1: 1670 daAuts
     D:4: 1331 daAuts
     D:2: 906 daAuts
     D:3: 737 daAuts
     D:5: 163 daAuts
